 Dungeon Crawl Stone Soup version 0.27-a0-1281-ge233d83751 (webtiles) character file.

Game seed: 5644050249563685133

5259 27snakeeyes612 the Fighter (level 10, -4/91 HPs)
             Began as a Ghoul Fighter on June 14, 2021.
             Was a Follower of Makhleb.
             Killed from afar by an electric eel (8 damage)
             ... with a bolt of electricity
             ... on level 9 of the Dungeon.
             The game lasted 00:06:29 (8419 turns).

27snakeeyes612 the Fighter (Ghoul Fighter)          Turns: 8419, Time: 00:06:29

Health: -4/91      AC: 12    Str: 24    XL:     10   Next: 62%
Magic:  0/18       EV:  7    Int:  3    God:    Makhleb [*.....]
Gold:   395        SH: 12    Dex:  8    Spells: 9/9 levels left

rFire    . . .     SeeInvis +   p - +3 war axe (elec)
rCold    + . .     Faith    .   c - +1 kite shield
rNeg     + + +     Spirit   +   g - +0 chain mail
rPois    ∞         Reflect  .   (no helmet)
rElec    .         Harm     .   s - +0 cloak
rCorr    .         Rampage  .   (no gloves)
Will     .....                  (no boots)
Stlth    ..........             j - amulet of guardian spirit
HPRegen  0.00/turn              x - ring of magical power
MPRegen  0.16/turn              r - ring of see invisible

@: studying 2 skills
A: claws 1, cold resistance 1, negative energy resistance 3, inhibited
regeneration, torment resistance 2
a: Renounce Religion


You were on level 9 of the Dungeon.
You worshipped Makhleb.
Makhleb was aware of your devotion.
You visited 2 branches of the dungeon, and saw 10 of its levels.

You collected 395 gold pieces.

Inventory:

Hand Weapons
 a - a +0 war axe
 p - a +3 war axe of electrocution (weapon)
 u - a +1 vorpal flail
Armour
 b - a +0 scale mail
 c - a +1 kite shield (worn)
 g - a +0 chain mail (worn)
 s - a +0 cloak (worn)
Jewellery
 j - an amulet of guardian spirit (around neck)
 l - a ring of protection from cold
 n - an amulet of the acrobat
 r - a ring of see invisible (right claw)
 x - a ring of magical power (left claw)
 C - a ring of fire
 E - the ring "Sohoimeu" {Fire rCorr Int+3}
   (You found it on level 5 of the Dungeon)

   [ring of fire]

   It enhances your fire magic.
   It affects your intelligence (+3).
   It protects you from fire.
   It makes you vulnerable to cold.
   It protects you from acid and corrosion.
 G - a +6 ring of intelligence
 I - a ring of magical power
Wands
 i - a wand of flame (18)
 t - a wand of digging (5)
 v - a wand of polymorph (7)
 y - a wand of charming (8)
Scrolls
 m - a scroll of enchant weapon
 w - a scroll of enchant armour
 A - 2 scrolls of teleportation
 B - a scroll of magic mapping
 D - a scroll of acquirement
 F - a scroll of torment {unknown}
Potions
 d - 3 potions of might
 e - 3 potions of degeneration {unknown}
 f - 3 potions of lignification
 h - 5 potions of curing
 k - a potion of attraction
 o - 4 potions of mutation {unknown}
 q - 2 potions of resistance {unknown}
 z - 3 potions of flight {unknown}
 H - a potion of heal wounds {unknown}


   Skills:
 + Level 9.1 Fighting
 + Level 7.3 Axes
 + Level 7.6 Armour
 + Level 9.0 Shields


You had 9 spell levels left.
You didn't know any spells.
Your spell library contained the following spells:

 Spells                   Type           Power      Damage    Failure   Level
 Sandblast                Erth           0%         2d4       100%        1
 Passwall                 Tmut/Erth      0%         N/A       100%        2
 Confusing Touch          Hex            0%         N/A       100%        3
 Gell's Gravitas          Tloc           0%         N/A       100%        3
 Stone Arrow              Conj/Erth      0%         3d7       100%        3
 Petrify                  Tmut/Erth      0%         N/A       100%        4
 Bolt of Magma            Conj/Fire/Erth 0%         4d4       100%        5
 Iskenderun's Battlesphe  Conj           0%         2d6       100%        5
 Lee's Rapid Deconstruct  Erth           0%         3d5*      100%        5
 Metabolic Englaciation   Hex/Ice        0%         N/A       100%        5
 Yara's Violent Unravell  Hex/Tmut       0%         3d3       100%        5
 Iron Shot                Conj/Erth      0%         9d1       100%        6
 Orb of Destruction       Conj           0%         N/A       100%        7
 Spellforged Servitor     Conj/Summ      0%         N/A       100%        7


Dungeon Overview and Level Annotations

Branches:
Dungeon (9/15)             Temple (1/1) D:7            Lair (0/6) D:8
    Orc: D:9-12

Altars:
Ashenzari
Cheibriados
Dithmenos
Elyvilon
Fedhas
Hepliaklqana
Kikubaaqudgha
Makhleb
Nemelex Xobeh
Qazlal
Ru
Sif Muna
Trog
Uskayaw
Vehumet
Wu Jian
Xom
Yredelemnul
Zin
The Shining One

Shops:
D:3 =   D:4 *

Annotations:
D:4 1 runed translucent door, Glokmah's ghost, novice HuAE


Innate Abilities, Weirdness & Mutations

You thrive by killing the living.
You are immune to poison.
You have sharp fingernails.
Your flesh is cold resistant. (rC+)
You are immune to negative energy. (rN+++)
You do not regenerate when monsters are visible.
You are immune to unholy pain and torment.


Message History

Makhleb accepts your kill.
You feel better.
You hear a splash.
Your Shields skill increases to level 9!
You enter the shallow water.
Moving in this stuff is going to be slow.
Found a scroll labelled NOFEGE ZUAFRUTZ.
You see here an electric eel corpse.
You start resting.
An electric eel is nearby!
An electric eel is nearby!
An electric eel is nearby!
The electric eel shoots out a bolt of lightning at you!
The bolt of electricity misses you.
The electric eel shoots out a bolt of lightning at you!
The bolt of electricity hits you!
You closely miss the electric eel.
The electric eel shoots out a bolt of lightning at you!
The bolt of electricity hits you! x2
* * * LOW HITPOINT WARNING * * *
The bolt of electricity hits the electric eel.
The electric eel completely resists.
You closely miss the electric eel.
The electric eel shoots out a bolt of lightning at you!
The bolt of electricity hits you!
* * * LOW HITPOINT WARNING * * *
The bolt of electricity hits you!
* * * LOW HITPOINT WARNING * * *
The bolt of electricity hits the electric eel.
The electric eel completely resists.
The electric eel shoots out a bolt of lightning at you!
The bolt of electricity hits you.
* * * LOW HITPOINT WARNING * * *
The electric eel shoots out a bolt of lightning at you!
The bolt of electricity hits you!
* * * LOW HITPOINT WARNING * * *
The electric eel shoots out a bolt of lightning at you!
The bolt of electricity hits the electric eel.
The electric eel completely resists.
The bolt of electricity hits you!
You die...

≈≈≈≈≈≈####.≈≈≈≈≈≈≈≈#
≈≈≈≈≈≈.....≈≈≈≈≈≈≈≈#
≈≈≈≈≈.## #.#†≈≈≈≈≈≈####
≈≈≈≈#.(###...≈≈≈≈≈≈....
≈≈≈......)....≈≈≈≈.....
≈≈.............≈≈......
≈..........≈≈......?...
.........#≈≈≈≈#..#####
.......#.≈≈≈≈≈≈.@#
.......#.#≈≈≈≈#..#
.......#...≈≈....;......
###....##..##.#.≈≈≈...#.
#.##.##......≈≈≈≈≈....
###.##.##...#.≈≈≈≈≈≈≈.#.
............#≈≈≈≈≈≈≈≈≈..
###.######. ≈≈≈≈≈≈≈;≈≈≈.
#.# ≈≈≈≈≈≈≈≈≈≈≈≈≈


You could see 2 electric eels.

Vanquished Creatures
  Pikel (D:6)
  An unseen horror (D:8)
  Psyche (D:9)
  6 yaks
  A steam dragon (D:7)
  Menkaure (D:7)
  Edmund (D:6)
  3 water moccasins
  Duvessa (D:7)
  An orc warrior (D:8)
  A black bear (D:5)
  2 ice beasts
  A necrophage (D:6)
  6 centaurs
  2 ogres
  2 phantoms (D:6)
  3 bullfrogs
  A gnoll sergeant (D:8)
  A wyvern zombie (D:8)
  A scorpion (D:6)
  A water moccasin skeleton (D:2)
  A wyvern skeleton (D:7)
  Dowan (D:7)
  3 killer bees
  An electric eel (D:9)
  3 bullfrog zombies
  3 orc priests
  3 bullfrog skeletons
  A hound (D:5)
  A centaur skeleton (D:6)
  7 orc wizards
  A killer bee zombie (D:8)
  6 gnolls
  10 adders
  A shadow imp (D:7)
  A worm (D:2)
  A dart slug (D:1)
  25 orcs
  4 ball pythons
  4 endoplasms
  7 giant cockroaches
  6 goblins
  4 hobgoblins
  4 jackals
  4 kobolds
  4 quokkas
  2 bats
  3 frilled lizards
  3 rats
152 creatures vanquished.

Notes
Turn   | Place    | Note
-------+----------+-------------------------------------------
     0 | D:1      | 27snakeeyes612 the Ghoul Fighter began the quest for the
                  | Orb.
     0 | D:1      | Reached XP level 1. HP: 19/19 MP: 0/0
    35 | D:1      | Reached XP level 2. HP: 25/26 MP: 1/1
   575 | D:1      | Reached XP level 3. HP: 31/31 MP: 2/2
  1155 | D:2      | Reached XP level 4. HP: 22/40 MP: 3/3
  1438 | D:3      | Reached XP level 5. HP: 46/46 MP: 4/4
  1498 | D:3      | Found a faded altar of an unknown god.
  2126 | D:3      | Found Puschi Qike's Jewellery Shop.
  2475 | D:4      | Found a stormy altar of Qazlal.
  2749 | D:4      | Found Sadd's General Store.
  3246 | D:4      | Found a runed translucent door.
  3367 | D:4      | Noticed Glokmah's ghost (novice HuAE)
  3426 | D:5      | Entered Level 5 of the Dungeon
  3426 | D:5      | Noticed a centaur
  3426 | D:5      | Noticed a centaur
  3429 | D:5      | Killed a centaur
  3430 | D:5      | Reached XP level 6. HP: 40/53 MP: 5/5
  3648 | D:5      | Noticed a yak
  3648 | D:5      | Noticed a yak
  3649 | D:5      | Noticed a yak
  3651 | D:5      | Noticed a yak
  3651 | D:5      | Noticed a yak
  3655 | D:5      | Killed a yak
  3656 | D:5      | Reached skill level 5 in Fighting
  3656 | D:5      | Reached XP level 7. HP: 47/61 MP: 6/6
  3671 | D:4      | Killed a yak
  3673 | D:4      | Killed a yak
  3674 | D:4      | Killed a yak
  3675 | D:4      | Reached XP level 8. HP: 23/70 MP: 7/7
  3906 | D:5      | Killed a yak
  3907 | D:5      | Reached skill level 5 in Armour
  3931 | D:5      | Identified the ring "Sohoimeu" {Fire rCorr Int+3}
  4010 | D:5      | Reached skill level 5 in Shields
  4199 | D:5      | Found an ancient bone altar of Kikubaaqudgha.
  4308 | D:5      | Reached skill level 5 in Axes
  4503 | D:6      | Identified 2 scrolls of acquirement
  4503 | D:6      | Acquired a manual of Shields
  4504 | D:6      | Found a hide-covered altar of Uskayaw.
  4570 | D:6      | Found a shimmering blue altar of Sif Muna.
  4574 | D:6      | Noticed Edmund
  4576 | D:6      | Found a blossoming altar of Fedhas.
  4585 | D:6      | Killed Edmund
  4586 | D:6      | Reached XP level 9. HP: 61/78 MP: 8/8
  5222 | D:6      | Noticed Pikel
  5242 | D:6      | Killed Pikel
  5624 | D:7      | Noticed Menkaure
  5634 | D:7      | Killed Menkaure
  5923 | D:7      | Found a staircase to the Ecumenical Temple.
  5964 | D:7      | Reached XP level 10. HP: 88/88 MP: 9/9
  5992 | Temple   | Entered the Ecumenical Temple
  6067 | Temple   | Became a worshipper of Makhleb the Destroyer
  6521 | D:7      | Noticed Duvessa
  6522 | D:7      | Noticed Dowan
  6525 | D:7      | Killed Dowan
  6528 | D:7      | Killed Duvessa
  7159 | D:8      | Found a shadowy altar of Dithmenos.
  7184 | D:8      | Reached * piety under Makhleb
  7362 | D:8      | Found a staircase to the Lair.
  7717 | D:8      | Noticed an unseen horror
  7733 | D:8      | Killed an unseen horror
  7800 | D:9      | Noticed Psyche
  7811 | D:9      | Killed Psyche
  8419 | D:9      | HP: 4/91 [electric eel/bolt of electricity (7)]
  8419 | D:9      | Killed from afar by an electric eel

Illustrated notes

Levels and vault maps discovered:
D:1:      wander_arrival_abandoned_jail, layout_basic, minmay_tromino_v4_b
D:2:      layout_basic, minmay_misc_feat_room
D:3:      layout_basic, shapermc_ecumenical_altar_notcrosses, serial_shops,
          shop, serial_bayou_lagoon_a, st_stairs_11, interstate_on_off
D:4:      layout_gridville, chequers_temple_overflow_statue_of_worship,
          ebering_ghost_reflecting_pool, serial_shops, shop
D:5:      layout_basic, kiku_gazebo_pond_becter, portal_sewer_entry_f
D:6:      layout_loops_ring, old_standard_altar, grunt_temple_overflow_open,
          minmay_manual_mess, uniq_pikel, uniq_edmund
D:7:      layout_loops_cross, nicolae_overflow_hidden_temple,
          minmay_temple_entry_poolview, hangedman_decor_points,
          chequers_serial_rivers_small_3, uniq_menkaure, uniq_duvessa
D:8:      layout_basic, grunt_dithmenos_smoke_and_mirrors, lair_entry_dummy
D:9:      layout_basic, overflow_temple_1_default, uniq_psyche
Temple:   dshaligram_water_room_temple

Skill      XL: |  1  2  3  4  5  6  7  8  9 10 |
---------------+-------------------------------+-----
Axes           | 2 3 4 5 6 7 |  7.3
Armour         | 3 4 5 6 7 |  7.6
Fighting       | 4 5 6 8 9 |  9.1
Shields        | 3 4 5 7 9 |  9.0

Action                   |  1- 3 |  4- 6 |  7- 9 | 10-12 || total
-------------------------+-------+-------+-------+-------++-------
Melee: War axe           |    62 |    91 |   150 |   122 ||   425
  Use: Scroll            |       |       |    12 |       ||    12
Armor: Scale mail        |     4 |       |       |       ||     4
       Chain mail        |    34 |    65 |    72 |    73 ||   244
Dodge: Dodged            |    15 |    32 |    54 |    39 ||   140
Block: Kite shield       |    41 |    62 |   116 |    97 ||   316

Table legend: (Time is in decaauts)
 A = Elapsed time spent in this place.
 B = Non-inter-level travel time spent in this place.
 C = Inter-level travel time spent in this place.
 D = Time resting spent in this place.
 E = Time spent auto-exploring this place.
 F = Levels seen in this place.
 G = Mean time per level.
                   A        B        C        D        E       F      G
               +--------+--------+--------+--------+--------+-----+--------+
         Total |   8619 |   8270 |    349 |    728 |   6401 |  10 |  861.9 |
       Dungeon |   8528 |   8179 |    349 |    728 |   6332 |   9 |  947.6 |
        Temple |     91 |     91 |      0 |      0 |     69 |   1 |   91.0 |
               +--------+--------+--------+--------+--------+-----+--------+

Top non-repeatable levels by time:
     D:7: 1445 daAuts
     D:4: 1346 daAuts
     D:8: 1163 daAuts
     D:6: 1141 daAuts
     D:3: 1099 daAuts
     D:5: 737 daAuts
     D:2: 722 daAuts
     D:1: 705 daAuts
     D:9: 166 daAuts
  Temple: 91 daAuts
